 Dungeon Crawl Stone Soup version 0.28-b1-25-g9875b3fc8c (webtiles) character file.

Game seed: 10063187376850297288

142376 iambad the Eclecticist (level 17, -2/131 HPs)
             Began as a Djinni Conjurer on Jan 31, 2022.
             Was the Champion of Makhleb.
             Killed by an exploding ball lightning (14 damage)
             ... on level 3 of the Swamp on Feb 1, 2022.
             The game lasted 01:53:15 (30900 turns).

iambad the Eclecticist (Djinni Conjurer)           Turns: 30900, Time: 01:53:15

Health: -2/131     AC: 11    Str:  9    XL:     17   Next: 96%
Gold:   1704       EV: 19    Int: 38    God:    Makhleb [******] SH:  6 Dex: 14

rFire   + + .      SeeInvis .   a - staff of conjuration {!a}
rCold   x . .      Faith    .   S - +1 buckler {reflect}
rNeg    + . .      Spirit   .   O - +1 troll leather armour
rPois   ∞          Reflect  +   m - +1 helmet
rElec   +          Harm     .   u - +1 cloak of Valour {rElec rN+ MP+9 Str+3}
rCorr   .          Rampage  .   d - +0 pair of gloves
Will    +....                   (boots unavailable)
Stlth   ++........              D - amulet of regeneration
HPRegen 1.91/turn               I - +6 ring of intelligence
MPRegen 0.00/turn               i - +6 ring of intelligence

@: flying, hasted, studying Dodging, very quick
A: sickness immunity, fire resistance 2, cold vulnerability 1, float, innate
caster, HP casting, extra vitality 1
a: Renounce Religion, Minor Destruction, Lesser Servant of Makhleb, Major
Destruction, Greater Servant of Makhleb


You were on level 3 of the Swamp.
You worshipped Makhleb.
Makhleb was exalted by your worship.
You visited 5 branches of the dungeon, and saw 28 of its levels.
You also visited: Sewer and Volcano.

You collected 3897 gold pieces.
You spent 2193 gold pieces at shops.


Innate Abilities, Weirdness & Mutations

You are immune to sickness and miasma.
You are immune to poison.
Your flesh is very heat resistant. (rF++)
You are vulnerable to cold. (rC-)
You float through the air rather than walking.
You learn spells naturally, not from books.
Your magical power is your life essence.
You have superior vitality. (+4 MHP)


   Skills:
 - Level 15.5 Fighting
 - Level 5.0 Armour
 + Level 16.1 Dodging
 - Level 1.5 Stealth
 - Level 5.0 Shields
 - Level 17.2 Spellcasting
 - Level 6.0 Invocations
 - Level 6.0 Evocations


You had 5 spell levels left.
You knew the following spells:

 Your Spells              Type           Power      Damage    Failure   Level
a - Magic Dart            Conj           100%       1d8       0%          1
b - Searing Ray           Conj           100%       2d8       0%          2
c - Gell's Gravitas       Tloc           100%       N/A       0%          3
e - Fulminant Prism       Conj/Hex       64%        3d27      0%          4
f - Conjure Ball Lightni  Conj/Air       64%        3x3d23    1%          6
n - Sandblast             Erth           100%       2d20      0%          1
p - Ozocubu's Armour      Ice            100%       N/A       0%          3
r - Cause Fear            Hex            52%        N/A       0%          4
s - Spellforged Servitor  Conj/Summ      64%        N/A       1%          7
y - Dazzling Flash        Conj/Hex       100%       N/A       0%          3
C - Corpse Rot            Necr/Air       100%       N/A       0%          2
X - Iskenderun's Mystic   Conj/Tloc      100%       2d19      0%          4
Y - Agony                 Necr           100%       N/A       1%          5
Your spell library was empty.

Inventory:

Hand Weapons
 g - a +2 quick blade of flaming
Missiles
 s - 7 throwing nets (quivered) {=f}
Armour
 d - a +0 pair of gloves (worn)
 m - a +1 helmet (worn)
 u - the +1 cloak of Valour (worn) {rElec rN+ MP+9 Str+3}
   (You bought it in a shop on level 2 of the Orcish Mines)

   Str:       It affects your strength (+3).
   rElec:     It insulates you from electricity.
   rN:        It protects you from negative energy.
   MP:        It affects your magic capacity (+9).
 O - a +1 troll leather armour (worn)
 S - a +1 buckler of reflection (worn)
Magical Staves
 a - a staff of conjuration (weapon) {!a}
 Y - a staff of cold {!a}
Jewellery
 i - a +6 ring of intelligence (right hand)
 v - a ring of see invisible
 D - an amulet of regeneration (around neck)
 F - a ring of fire
 I - a +6 ring of intelligence (left hand)
 T - a +4 ring of protection
 W - a ring of willpower
Wands
 f - a wand of iceblast (22)
 x - a wand of paralysis (13)
 H - a wand of acid (6)
 P - a wand of mindburst (36)
 Q - a wand of digging (7)
 R - a wand of flame (9)
 Z - a wand of charming (7)
Scrolls
 b - 2 scrolls of fear
 c - a scroll of enchant armour
 e - 12 scrolls of teleportation {@r2}
 p - 3 scrolls of blinking {unknown}
 q - 2 scrolls of brand weapon
 r - 4 scrolls of vulnerability
 w - 3 scrolls of magic mapping
 y - 4 scrolls of fog
 C - 3 scrolls of immolation
 G - 4 scrolls of noise {unknown}
 J - a scroll of torment {unknown}
 K - 9 scrolls of amnesia {unknown}
 V - a scroll of silence {unknown}
Potions
 h - a potion of heal wounds {@q2}
 j - 9 potions of brilliance
 k - 2 potions of berserk rage {!q}
 l - a potion of resistance
 n - 4 potions of invisibility
 o - 5 potions of mutation
 z - a potion of lignification
 B - a potion of haste {@q3}
 E - 10 potions of curing {@q1}
 N - 4 potions of might {unknown}
 U - a potion of cancellation
 X - a potion of ambrosia
Miscellaneous
 A - a condenser vane
 L - a phial of floods
 M - a phantom mirror

Dungeon Overview and Level Annotations

Branches:
Dungeon (15/15)            Temple (1/1) D:7            Lair (6/6) D:8
  Swamp (4/4) Lair:3       Spider (0/4) Lair:4        Slime (0/5) Lair:5
    Orc (2/2) D:12            Elf (0/3) Orc:2        Vaults (0/5) D:13
 Depths (0/4) D:15          Sewer (visited)         Volcano (visited)

Altars:
Ashenzari
Cheibriados
Dithmenos
Elyvilon
Fedhas
Gozag
Hepliaklqana
Kikubaaqudgha
Makhleb
Nemelex Xobeh
Qazlal
Ru
Sif Muna
Trog
Uskayaw
Vehumet
Wu Jian
Yredelemnul
Zin
The Shining One
Beogh

Shops:
D:8 !   D:12 (   Orc:2 =[:*

Annotations:
D:2 1 runed translucent door, exclusion: Sigmund, Crazy Yiuf

♣♣♣♣♣♣♣♣ ♣♣♣♣ ♣≈≈≈..≈♣♣ ♣♣.§♣♣♣♣
♣.≈≈≈≈≈≈♣♣♣♣ ♣♣♣.≈≈...♣
♣.≈≈≈≈≈≈...♣♣♣♣♣♣ ♣♣..≈≈≈≈≈.♣
.......≈≈≈≈.≈.≈.♣♣ ♣..≈≈§≈≈§≈♣♣♣
.......≈≈≈≈§.≈≈≈≈♣♣♣§§≈≈≈≈....≈♣♣
.≈≈≈≈§≈≈≈≈≈≈≈≈§≈.♣≈.≈≈≈≈.♣♣≈≈≈...
≈≈≈≈≈≈≈≈≈≈≈≈≈≈≈≈@§≈✱≈≈≈.≈♣♣♣♣♣...
≈≈≈≈≈≈≈≈≈.≈≈≈≈≈≈.≈✱≈≈≈≈≈....♣♣≈≈≈
.§≈≈≈≈§≈≈.≈≈≈§≈≈[≈≈≈≈≈.♣.≈§≈.♣≈≈≈
..≈≈≈≈§≈..≈§§≈≈≈..≈≈≈.♣♣♣≈≈≈≈♣♣≈≈
▒▒▒▒≈≈≈≈.≈≈≈§§≈.♣♣♣♣X.♣♣≈.≈≈≈≈♣♣.
♣8♣▒≈≈≈.≈≈.≈≈≈≈.♣ ♣≈.....≈≈≈.♣♣♣
."[▒≈≈§........≈♣ ♣.≈≈≈....≈≈.♣♣
▒'▒▒≈≈..≈...♣♣♣♣♣ ♣.≈≈≈..≈.≈≈≈≈≈
...≈...≈≈..♣♣ ♣.≈≈≈≈♣♣♣≈.≈≈.


You could see a tentacled monstrosity (ally target) and 2 friendly ball
lightnings.


Message History

You feel a surge of power!
You create some ball lightning!
* * * LOW HITPOINT WARNING * * *
3 ball lightnings come into view.
Your ball lightning explodes!
The blast of lightning engulfs your ball lightning.
The blast of lightning engulfs the tentacled monstrosity!
The tentacled monstrosity resists.
The tentacled monstrosity is severely wounded.
Your ball lightning explodes!
The blast of lightning engulfs your ball lightning.
The blast of lightning engulfs the tentacled monstrosity!
The tentacled monstrosity resists.
The tentacled monstrosity is almost dead.
The blast of lightning engulfs you!! You resist.
* * * LOW HITPOINT WARNING * * *
Your ball lightning explodes!
The blast of lightning engulfs you! You resist.
* * * LOW HITPOINT WARNING * * *
The blast of lightning engulfs the tentacled monstrosity!
The tentacled monstrosity resists.
The tentacled monstrosity is almost dead.
Casting: Conjure Ball Lightning (mildly dangerous; 1% risk of failure)
Confirm with . or Enter, or press ? or * to list all spells.
You feel a surge of power!
You create some ball lightning!
* * * LOW HITPOINT WARNING * * *
3 ball lightnings come into view.
Your ball lightning explodes!
The blast of lightning engulfs your ball lightning.
The blast of lightning engulfs you! You resist.
You die...

Skill      XL: |  1  2  3  4  5  6  7  8  9 10 11 12 13 14 15 16 17 |
---------------+----------------------------------------------------+-----
Fighting       | 1 2 3 4 5 7 8 9 10 11 13 14 15 | 15.5
Spellcasting   | 4 5 6 7 8 9 10 11 13 14 16 17 | 17.2
Armour         | 2 3 5 |  5.0
Evocations     | 3 5 6 |  6.0
Invocations    | 3 5 6 |  6.0
Dodging        | 4 6 16 | 16.1
Shields        | 5 |  5.0
Stealth        | |  1.5

Action                   |  1- 3 |  4- 6 |  7- 9 | 10-12 | 13-15 | 16-18 || total
-------------------------+-------+-------+-------+-------+-------+-------++-------
Melee: Unarmed           |       |     1 |       |       |       |       ||     1
       Whip              |       |     3 |    19 |       |       |       ||    22
       Dagger            |       |       |     6 |     9 |       |       ||    15
       Staff             |       |       |       |     3 |     7 |     1 ||    11
 Cast: Magic Dart        |    64 |    37 |    48 |    56 |    42 |       ||   247
       Searing Ray       |       |    10 |    70 |    83 |   101 |     5 ||   269
       Gell's Gravitas   |       |       |     7 |     2 |     2 |       ||    11
       Fulminant Prism   |       |       |    17 |    70 |   108 |       ||   195
       Ozocubu's Armour  |       |       |     1 |    10 |    13 |       ||    24
       Cause Fear        |       |       |       |     1 |     5 |       ||     6
       Iskenderun's Myst |       |       |       |       |     8 |       ||     8
       Conjure Ball Ligh |       |       |       |       |    62 |   218 ||   280
       Spellforged Servi |       |       |       |       |       |     6 ||     6
Evoke: Wand              |       |       |       |       |     2 |     1 ||     3
  Use: Scroll            |       |     3 |     8 |     2 |     4 |    12 ||    29
       Potion            |       |       |       |     4 |     1 |     3 ||     8
 Stab: Sleeping          |       |       |     1 |       |       |       ||     1
Armor: Leather armour    |     1 |     5 |    42 |    23 |       |       ||    71
       Ring mail         |       |       |       |    18 |       |       ||    18
       Troll leather arm |       |       |       |     7 |    75 |    12 ||    94
Dodge: Dodged            |     6 |     7 |    49 |    72 |   170 |    36 ||   340
Block: Other             |       |       |     2 |    35 |     8 |       ||    45
       Reflection        |       |       |       |     5 |       |       ||     5
       Buckler           |       |       |       |       |       |     7 ||     7

Levels and vault maps discovered:
D:1:      amcnicky_arrival_abandoned_market, layout_basic,
          basic_ecumenical_altar
D:2:      layout_loops_ring, minmay_misc_feat_doors, minivault_5, uniq_natasha,
          uniq_terence, uniq_sigmund, uniq_crazy_yiuf_cottage
D:3:      layout_loops_ring, portal_sewer_entry_e
D:4:      layout_loops_ring, nicolae_hepliaklqana_hippocampus
D:5:      layout_rooms, mainiacjoe_overflow_cross_hatched
D:6:      minmay_general_purpose_star, layout_loops_ring, uniq_grinder
D:7:      layout_basic, overflow_temple_1_default,
          minmay_temple_entry_from_below_a, uniq_menkaure, uniq_duvessa
D:8:      minmay_the_grid_triangle_9x9_rhombus_full
          [minmay_the_grid_triangle_9x9_thin_v,
          minmay_the_grid_triangle_9x9_tough_junction,
          minmay_the_grid_triangle_9x9_stretched_checkered,
          minmay_the_grid_triangle_9x9_corruption,
          minmay_the_grid_triangle_9x9_wacky_v,
          minmay_the_grid_triangle_9x9_semitri,
          minmay_the_grid_triangle_9x9_steps,
          minmay_the_grid_triangle_9x9_prize_center], layout_layer_cave,
          dpeg_oklobed_lair, serial_shops, nicolae_shop_window_shopping,
          uniq_harold
D:9:      layout_rooms
D:10:     layout_rooms, grunt_temple_overflow_open
D:11:     layout_basic, evilmike_ruin_ashenzari
D:12:     kennysheep_demon_hangout, layout_long_grid, orc_david_3,
          gammafunk_ghost_grave
D:13:     layout_loops_ring, skrybe_vaults_entry_preservation,
          hangedman_decor_slide_cut, uniq_josephine, uniq_snorg
D:14:     layout_basic, skrybe_limestone_x, roderic_serpentine_path,
          nicolae_twisting_strands
D:15:     hangedman_depths_entry_try_elsewhere_first, layout_long_grid,
          serial_rivers, chequers_serial_rivers_small_a,
          chequers_serial_rivers_micro_b, chequers_serial_rivers_micro_a,
          chequers_serial_rivers_micro_a, chequers_serial_rivers_room_a
Temple:   nicolae_temple_x_marks_the_god
Lair:1:   layout_layer_cave, lemuel_fruit_tree, serial_bayou_shore_b
Lair:2:   layout_chaotic_city, minivault_24, chequers_serial_rivers_micro_b
Lair:3:   layout_long_grid, swamp_mist, basic_altar, minivault_27, uniq_urug
Lair:4:   layout_cave_shapes, nicolae_spider_entry_tight_spaces,
          grunt_megastairs_3
Lair:5:   layout_regular_city, minmay_slime_entry_eyes, lemuel_centaur_altar
Lair:6:   minmay_lair_end_frog_pond, layout_long_grid, serial_bayou_shore_a
Swamp:1:  layout_basic_swamp, nicolae_swamp_dense_foliage,
          infiniplex_staircase_pool, uniq_mlioglotl
Swamp:2:  layout_falls_marsh, nicolae_swamp_small_spring, swamp_pool1
Swamp:3:  layout_basic_swamp, gammafunk_ghost_grave, nicolae_swamp_tree_designs
Swamp:4:  swamp_pestilence, layout_basic_swamp, swamp_pool2, uniq_roxanne
Orc:1:    layout_diamond_mine, mines2_david
Orc:2:    st_orc_open, layout_caves, enter_volcano_4, uniq_sonja

Notes
Turn   | Place    | Note
-------+----------+-------------------------------------------
     0 | D:1      | iambad the Djinni Conjurer began the quest for the Orb.
     0 | D:1      | Reached XP level 1. HP: 15/15 MP: 0/0
   313 | D:1      | Reached XP level 2. HP: 15/22 MP: 0/0
   416 | D:1      | Found a faded altar of an unknown god.
   532 | D:1      | Reached skill level 1 in Fighting
   717 | D:1      | Reached XP level 3. HP: 26/27 MP: 0/0
   717 | D:1      | Learned a level 1 spell: Sandblast
  1508 | D:2      | Reached skill level 4 in Spellcasting
  1508 | D:2      | Reached XP level 4. HP: 29/33 MP: 0/0
  1541 | D:2      | Noticed Natasha
  1545 | D:2      | Killed Natasha
  1546 | D:2      | Reached skill level 2 in Fighting
  1970 | D:2      | Noticed Sigmund
  2292 | D:2      | Found a runed translucent door.
  2293 | D:2      | Noticed Crazy Yiuf
  2327 | D:2      | Noticed Terence
  2334 | D:2      | Killed Terence
  2335 | D:2      | Reached XP level 5. HP: 27/38 MP: 0/0
  2335 | D:2      | Learned a level 2 spell: Corpse Rot
  2616 | D:2      | Killed Sigmund
  2617 | D:2      | Reached skill level 3 in Fighting
  2617 | D:2      | Reached skill level 5 in Spellcasting
  2617 | D:2      | Reached XP level 6. HP: 31/46 MP: 0/0
  2661 | D:2      | Noticed Natasha
  2679 | D:2      | Killed Natasha
  2986 | D:3      | Reached XP level 7. HP: 38/50 MP: 0/0
  2986 | D:3      | Learned a level 3 spell: Gell's Gravitas
  3004 | D:3      | Found a glowing drain.
  3014 | Sewer    | Entered a sewer
  3350 | Sewer    | Reached skill level 4 in Fighting
  3640 | Sewer    | Found a viscous altar of Jiyva.
  4423 | D:3      | Noticed a water moccasin
  4426 | D:3      | Killed a water moccasin
  4427 | D:3      | Reached skill level 6 in Spellcasting
  4427 | D:3      | Reached XP level 8. HP: 51/58 MP: 0/0
  4615 | D:3      | Identified a potion of resistance
  4823 | D:4      | Found a hazy altar of Hepliaklqana.
  5636 | D:5      | Entered Level 5 of the Dungeon
  5641 | D:5      | Reached skill level 5 in Fighting
  5892 | D:5      | Found a broken altar of Ashenzari.
  6132 | D:5      | Reached skill level 1 in Armour
  6132 | D:5      | Reached skill level 7 in Spellcasting
  6336 | D:5      | Reached skill level 2 in Armour
  6336 | D:5      | Reached XP level 9. HP: 62/65 MP: 0/0
  6336 | D:5      | Learned a level 3 spell: Ozocubu's Armour
  6822 | D:6      | Reached skill level 6 in Fighting
  6824 | D:6      | Reached skill level 3 in Armour
  6894 | D:6      | Noticed Grinder
  6904 | D:6      | Killed Grinder
  6911 | D:6      | Reached skill level 8 in Spellcasting
  7802 | D:7      | Noticed Menkaure
  7806 | D:7      | Killed Menkaure
  7927 | D:7      | Reached skill level 7 in Fighting
  7968 | D:7      | Reached XP level 10. HP: 67/75 MP: 0/0
  8118 | D:7      | Noticed Duvessa
  8118 | D:7      | Noticed Dowan
  8122 | D:7      | Killed Dowan
  8122 | D:7      | Killed Duvessa
  8123 | D:7      | Reached skill level 4 in Armour
  8479 | D:7      | Found a basalt altar of Yredelemnul.
  8505 | D:7      | Reached skill level 9 in Spellcasting
  8647 | D:7      | Identified the +1 ring mail "Xahatuc" {rPois rN+ Stlth+}
  8920 | D:7      | Found a staircase to the Ecumenical Temple.
  9166 | D:8      | Noticed Harold
  9191 | D:8      | HP: 2/75 [Harold (9)]
  9195 | D:8      | Killed Harold
  9196 | D:8      | Reached skill level 5 in Armour
  9490 | D:8      | Reached skill level 8 in Fighting
  9694 | Temple   | Entered the Ecumenical Temple
  9704 | Temple   | Became a worshipper of Makhleb the Destroyer
  9788 | D:8      | Found a staircase to the Lair.
 10017 | D:8      | Reached XP level 11. HP: 78/82 MP: 0/0
 10017 | D:8      | Learned a level 4 spell: Cause Fear
 10323 | D:8      | Found Ytoess's Distillery.
 10334 | D:8      | Bought a potion of haste for 160 gold pieces
 10334 | D:8      | Bought a potion of heal wounds for 80 gold pieces
 10334 | D:8      | Bought a potion of heal wounds for 80 gold pieces
 10334 | D:8      | Bought a potion of brilliance for 64 gold pieces
 10378 | D:8      | Reached skill level 10 in Spellcasting
 11433 | D:8      | Reached skill level 1 in Evocations
 11528 | D:8      | Found a runed translucent door.
 11528 | D:8      | Found a runed translucent door.
 11534 | D:8      | Reached skill level 1 in Invocations
 11607 | D:8      | Reached * piety under Makhleb
 11745 | D:8      | Reached skill level 3 in Dodging
 11828 | D:8      | Noticed a boulder beetle
 11844 | D:8      | Noticed a centaur warrior
 11858 | D:8      | Noticed a two-headed ogre
 11858 | D:8      | Killed a boulder beetle
 11859 | D:8      | Reached skill level 2 in Evocations
 11861 | D:8      | Killed a centaur warrior
 11861 | D:8      | Killed a two-headed ogre
 11862 | D:8      | Reached skill level 9 in Fighting
 11862 | D:8      | Reached skill level 2 in Invocations
 11978 | D:8      | Noticed a deep elf pyromancer
 11984 | D:8      | Killed a deep elf pyromancer
 11985 | D:8      | Reached skill level 4 in Dodging
 12140 | D:8      | Reached skill level 3 in Invocations
 12147 | D:8      | Reached skill level 3 in Evocations
 12154 | D:8      | Noticed a centaur warrior
 12160 | D:8      | Killed a centaur warrior
 13177 | D:10     | Entered Level 10 of the Dungeon
 13215 | D:10     | Reached XP level 12. HP: 80/89 MP: 0/0
 13335 | D:10     | Identified the +3 ring mail of Absence {*Slow rCorr Str+3
                  | Int+4}
 13381 | D:10     | Reached skill level 5 in Dodging
 13381 | D:10     | Reached skill level 4 in Evocations
 13382 | D:10     | Reached skill level 11 in Spellcasting
 13383 | D:10     | Reached skill level 4 in Invocations
 13384 | D:10     | Reached ** piety under Makhleb
 13475 | D:10     | Found an opulent altar of Gozag.
 13480 | D:10     | Found a stormy altar of Qazlal.
 13784 | Lair:1   | Entered Level 1 of the Lair of Beasts
 14477 | Lair:1   | Reached skill level 6 in Dodging
 14477 | Lair:1   | Reached skill level 5 in Evocations
 14481 | Lair:1   | Reached skill level 5 in Invocations
 14487 | Lair:1   | Noticed an eight-headed hydra
 14493 | Lair:1   | Killed an eight-headed hydra
 14494 | Lair:1   | Reached skill level 10 in Fighting
 15187 | Lair:2   | Noticed an eight-headed hydra
 15192 | Lair:2   | Killed an eight-headed hydra
 15193 | Lair:2   | Reached XP level 13. HP: 91/96 MP: 0/0
 15193 | Lair:2   | Learned a level 5 spell: Agony
 16100 | Lair:3   | Found a staircase to the Swamp.
 16231 | Lair:3   | Reached skill level 6 in Evocations
 16238 | Lair:3   | Reached skill level 6 in Invocations
 16313 | Lair:3   | Found a shadowy altar of Dithmenos.
 16373 | Lair:3   | Noticed Urug
 16381 | Lair:3   | Killed Urug
 16382 | Lair:3   | Reached skill level 12 in Spellcasting
 17515 | Lair:4   | Reached skill level 11 in Fighting
 17571 | Lair:4   | Reached *** piety under Makhleb
 17735 | Lair:4   | Found a hole to the Spider Nest.
 17747 | Lair:4   | Reached skill level 13 in Spellcasting
 17884 | Lair:4   | Reached XP level 14. HP: 92/105 MP: 0/0
 18167 | Lair:5   | Reached **** piety under Makhleb
 18351 | Lair:5   | Found a staircase to the Slime Pits.
 18467 | Lair:5   | Reached skill level 12 in Fighting
 19329 | D:11     | Found a broken altar of Ashenzari.
 19553 | D:11     | Reached skill level 14 in Spellcasting
 20585 | D:12     | Found a staircase to the Orcish Mines.
 20601 | D:12     | Found Gegozxae's Weapon Shop.
 20805 | D:12     | Found a runed translucent door.
 20806 | D:12     | Noticed Tinen's ghost (journeyman TrMo)
 21237 | D:13     | Noticed Snorg
 21413 | D:13     | Noticed Josephine
 21434 | D:13     | Noticed an ironbound preserver
 21442 | D:13     | Killed Josephine
 21443 | D:13     | Reached skill level 13 in Fighting
 21445 | D:13     | Killed an ironbound preserver
 21449 | D:13     | Reached ***** piety under Makhleb
 21453 | D:13     | Reached XP level 15. HP: 84/114 MP: 0/0
 21453 | D:13     | Learned a level 6 spell: Conjure Ball Lightning
 21781 | D:13     | Killed Snorg
 21917 | D:13     | Found a gate to the Vaults.
 22650 | D:14     | Reached skill level 15 in Spellcasting
 22726 | D:14     | Identified the +1 ring mail of Disaster {Int+4}
 23754 | Lair:6   | Entered Level 6 of the Lair of Beasts
 23824 | Lair:6   | Reached skill level 14 in Fighting
 24221 | Lair:6   | Reached skill level 16 in Spellcasting
 24265 | Lair:6   | Reached XP level 16. HP: 122/124 MP: 0/0
 24400 | Lair:6   | Identified 2 scrolls of acquirement
 24432 | Lair:6   | Reached ****** piety under Makhleb
 25186 | Orc:1    | Entered Level 1 of the Orcish Mines
 26035 | Orc:2    | Entered Level 2 of the Orcish Mines
 26035 | Orc:2    | Noticed Sonja
 26037 | Orc:2    | Killed Sonja
 26077 | Orc:2    | Reached skill level 15 in Fighting
 26121 | Orc:2    | Found a dark tunnel.
 26155 | Volcano  | Entered a volcano
 26644 | Orc:2    | Reached skill level 17 in Spellcasting
 27130 | Orc:2    | Found Dashry's Assorted Antiques.
 27132 | Orc:2    | Found Tiuxicru's Book Emporium.
 27140 | Orc:2    | Found Jutug's Armour Shop.
 27141 | Orc:2    | Found Gyalosm's Jewellery Shop.
 27180 | Orc:2    | Found a staircase to the Elven Halls.
 27448 | Orc:2    | Bought the +1 cloak of Valour {rElec rN+ MP+9 Str+3} for
                  | 529 gold pieces
 27467 | Orc:2    | Bought a manual of Dodging for 1280 gold pieces
 27467 | Orc:2    | Acquired the +1 hat of the Forsaken Visions {-Tele rC++
                  | Will+}
 27468 | Orc:2    | Acquired 980 gold pieces
 27549 | D:15     | Entered Level 15 of the Dungeon
 27629 | D:15     | Reached XP level 17. HP: 131/131 MP: 0/0
 27629 | D:15     | Learned a level 7 spell: Spellforged Servitor
 27637 | D:15     | Reached skill level 7 in Dodging
 27764 | D:15     | Reached skill level 8 in Dodging
 27802 | D:15     | Reached skill level 9 in Dodging
 27924 | D:15     | Found a staircase to the Depths.
 28428 | D:15     | Identified the +6 hunting sling of Cymashis {vorpal, rC+}
 28540 | D:12     | Killed Tinen's ghost
 28555 | D:12     | Identified the +2 chain mail of Objectivity {rC+}
 28820 | Swamp:1  | Entered Level 1 of the Swamp
 28839 | Swamp:1  | Reached skill level 10 in Dodging
 28929 | Swamp:1  | Noticed Mlioglotl
 29002 | Swamp:1  | Killed Mlioglotl
 29003 | Swamp:1  | Reached skill level 11 in Dodging
 29555 | Swamp:1  | Reached skill level 12 in Dodging
 29654 | Swamp:2  | Reached skill level 13 in Dodging
 29688 | Swamp:2  | Reached skill level 14 in Dodging
 29782 | Swamp:2  | Reached skill level 1 in Shields
 29940 | Swamp:2  | Identified the +5 long sword "Piunka" {drain, Drain rElec
                  | rC+ Str+4}
 30113 | Swamp:3  | Reached skill level 2 in Shields
 30177 | Swamp:3  | Reached skill level 3 in Shields
 30207 | Swamp:3  | Noticed a thorn hunter
 30215 | Swamp:3  | Killed a thorn hunter
 30216 | Swamp:3  | Reached skill level 15 in Dodging
 30235 | Swamp:3  | Found a runed translucent door.
 30235 | Swamp:3  | Noticed esper6's ghost (journeyman GnNe)
 30237 | Swamp:3  | Reached skill level 4 in Shields
 30347 | Swamp:3  | HP: 12/131 [spore (6)]
 30347 | Swamp:3  | Killed esper6's ghost
 30481 | Swamp:3  | Reached skill level 5 in Shields
 30519 | Swamp:3  | Noticed a thorn hunter
 30524 | Swamp:3  | Killed a thorn hunter
 30661 | Swamp:3  | Reached skill level 16 in Dodging
 30863 | Swamp:4  | Entered Level 4 of the Swamp
 30863 | Swamp:4  | Noticed a tentacled monstrosity
 30869 | Swamp:4  | Noticed a thorn hunter
 30900 | Swamp:3  | Killed by an exploding ball lightning

Vanquished Creatures
  Mlioglotl (Swamp:1)
  2 thorn hunters (Swamp:3)
  2 orc warlords
  The ghost of esper6 the Thaumaturge, a journeyman GnNe of Cheibriados (Swamp:3)
  An ironbound preserver (D:13)
  An eleionoma (Swamp:3)
  Snorg (D:13)
  3 bunyips
  A dire elephant (D:15)
  An ettin (Orc:1)
  Josephine (D:13)
  2 shambling mangroves
  Harold (D:8)
  7 hydras
  5 centaur warriors
  2 ogre magi (Orc:2)
  6 boulder beetles
  2 catoblepae
  A ghost crab (Swamp:1)
  3 tengu warriors
  8 alligators
  A death knight (D:11)
  10 two-headed ogres
  14 death yaks
  An orc high priest (Orc:1)
  Urug (Lair:3)
  11 slime creatures
  Sonja (Orc:2)
  2 skeletal warriors (Volcano)
  5 swamp dragons
  5 goliath frogs
  2 deep trolls (Orc:2)
  A lindwurm (Lair:6)
  5 bog bodies
  An oklob plant (Lair:4)
  3 orc sorcerers
  A deep elf pyromancer (D:8)
  3 orc knights
  2 will-o-the-wisps (Swamp:3)
  6 cyclopes
  2 anaconda skeletons (Volcano)
  20 elephants
  3 manticores
  8 ugly things
  A rust devil (D:12)
  A black mamba (Lair:1)
  An eye of devastation (Lair:5)
  23 cane toads
  9 gargoyles
  An unseen horror (D:8)
  7 rime drakes
  A kobold demonologist (D:13)
  An efreet (D:14)
  8 komodo dragons
  A tengu conjurer (D:14)
  A freezing wraith (D:14)
  A meliai (shapeshifter) (D:13)
  15 trolls
  2 bloated husks (Swamp:2)
  4 meliai
  10 hornets
  2 harpy skeletons (Volcano)
  33 blink frogs
  8 tyrant leeches
  Grinder (D:6)
  2 culicivoras (Lair:4)
  3 flying skulls (Volcano)
  2 shadows
  Sigmund (D:2)
  9 spriggans
  3 wyverns
  38 yaks
  4 jumping spiders (Lair:4)
  3 alligator skeletons (Volcano)
  6 wraiths
  2 basilisks
  A redback (Lair:4)
  16 vampire mosquitoes
  10 swamp worms
  Menkaure (D:7)
  8 wargs
  2 steam dragons
  A harpy simulacrum (D:15)
  An acid dragon (D:9)
  Duvessa (D:7)
  A floating eye (Lair:5)
  11 water moccasins
  A hornet zombie (D:8)
  3 ice beasts
  32 orc warriors
  A necrophage (D:7)
  4 sky beasts
  2 black bears
  A centaur (shapeshifter) (D:14)
  4 wolves (Lair:6)
  A tengu (shapeshifter) (D:15)
  26 ogres
  A phantom (D:7)
  13 centaurs
  A kobold brigand (D:8)
  20 bullfrogs
  2 scorpions
  A wyvern zombie (D:8)
  A water moccasin skeleton (D:7)
  A water moccasin zombie (D:6)
  A wyvern skeleton (D:6)
  Dowan (D:7)
  A killer bee (D:8)
  3 wights (D:7)
  2 troll skeletons (Volcano)
  5 howler monkeys
  An electric eel (Lair:6)
  A crimson imp (D:12)
  3 centaur zombies
  A centaur skeleton (D:4)
  2 hounds (D:6)
  7 jellies
  A quasit (D:12)
  A gnoll shaman (D:5)
  18 orc priests
  2 bullfrog skeletons
  2 iguanas
  Terence (D:2)
  Natasha (twice) (D:2)
  20 orc wizards
  A killer bee zombie (D:6)
  2 naga skeletons (Volcano)
  4 howler monkey zombies
  16 adders
  13 gnolls
  A howler monkey skeleton (D:6)
  3 river rats
  A shadow imp (D:8)
  A white imp (D:7)
  3 worms
  82 orcs
  9 ball pythons
  6 bats
  21 endoplasms
  5 giant cockroaches
  7 goblins
  10 hobgoblins
  3 quokkas
  15 kobolds
  11 rats
  15 briar patches (Swamp:3)
  A fulminant prism (D:11)
837 creatures vanquished.

Vanquished Creatures (collateral kills)
  34 ball lightnings
34 creatures vanquished.

Vanquished Creatures (others)
  The ghost of Tinen the Brawler, a journeyman TrMo of Wu Jian (D:12)
  A hydra (Swamp:1)
  An alligator (Swamp:1)
  A spriggan (Swamp:3)
  2 bog bodies
  A bloated husk (Swamp:2)
  3 hornets (Swamp:3)
  540 ball lightnings
  6 foxfires (Swamp:3)
  193 fulminant prisms
  49 fungi
  119 plants
  2 withered plants (D:12)
919 creatures vanquished.

Grand Total: 1790 creatures vanquished

Table legend: (Time is in decaauts)
 A = Elapsed time spent in this place.
 B = Non-inter-level travel time spent in this place.
 C = Inter-level travel time spent in this place.
 D = Time resting spent in this place.
 E = Time spent auto-exploring this place.
 F = Levels seen in this place.
 G = Mean time per level.
                   A        B        C        D        E       F      G
               +--------+--------+--------+--------+--------+-----+--------+
         Total |  30964 |  28678 |   2286 |   4681 |  16991 |  30 | 1032.1 |
       Dungeon |  19223 |  17808 |   1415 |   3210 |  11562 |  15 | 1281.5 |
        Temple |     18 |     11 |      7 |      0 |      0 |   1 |   18.0 |
          Lair |   6752 |   6038 |    714 |    754 |   3662 |   6 | 1125.3 |
         Swamp |   2031 |   1961 |     70 |    211 |    842 |   4 |  507.8 |
  Orcish Mines |   1807 |   1728 |     79 |     29 |    813 |   2 |  903.5 |
         Sewer |    645 |    645 |      0 |    424 |     17 |   1 |  645.0 |
       Volcano |    485 |    485 |      0 |     53 |     95 |   1 |  485.0 |
               +--------+--------+--------+--------+--------+-----+--------+

Top non-repeatable levels by time:
     D:8: 3641 daAuts
  Lair:1: 1773 daAuts
     D:7: 1668 daAuts
     D:2: 1464 daAuts
     D:1: 1422 daAuts
    D:12: 1352 daAuts
     D:6: 1331 daAuts
  Lair:5: 1228 daAuts
  Lair:3: 1168 daAuts
    D:11: 1158 daAuts
     D:3: 1105 daAuts
    D:14: 1066 daAuts
  Lair:6: 1009 daAuts
     D:4: 999 daAuts
   Orc:2: 967 daAuts

Table legend:
 A = Non-vault XP
 B = Vault XP
 C = Vault XP percentage of total XP
 D = Non-vault monster count
 E = Vault monster count
 F = Vault count percentage of total count
                 A         B        C        D         E       F
            +---------+---------+-------+---------+---------+-------
      Total |  142680 |   60715 |  29.9 |     607 |     219 |  26.5
            +---------+---------+-------+---------+---------+-------
        D:1 |      56 |       0 |   0.0 |      26 |       0 |   0.0
        D:2 |      80 |     291 |  78.4 |      21 |       3 |  12.5
        D:3 |     339 |      58 |  14.6 |      22 |       8 |  26.7
        D:4 |     224 |       0 |   0.0 |      20 |       0 |   0.0
        D:5 |     726 |       0 |   0.0 |      16 |       0 |   0.0
        D:6 |    1271 |     319 |  20.1 |      19 |       3 |  13.6
        D:7 |    1259 |     387 |  23.5 |      27 |       3 |  10.0
        D:8 |    1875 |    7171 |  79.3 |      22 |      25 |  53.2
        D:9 |     786 |       0 |   0.0 |      11 |       0 |   0.0
       D:10 |    3803 |       0 |   0.0 |      20 |       0 |   0.0
       D:11 |    3882 |       0 |   0.0 |      17 |       0 |   0.0
       D:12 |    4641 |    1543 |  25.0 |      12 |       9 |  42.9
       D:13 |    4046 |    8020 |  66.5 |      10 |      15 |  60.0
       D:14 |    6753 |       0 |   0.0 |      19 |       0 |   0.0
       D:15 |    6962 |    2122 |  23.4 |      14 |       3 |  17.6
     Lair:1 |    8177 |       0 |   0.0 |      29 |       0 |   0.0
     Lair:2 |    2809 |       0 |   0.0 |       8 |       0 |   0.0
     Lair:3 |    2813 |    1220 |  30.3 |      11 |       2 |  15.4
     Lair:4 |   10266 |    1720 |  14.4 |      30 |       9 |  23.1
     Lair:5 |   12644 |    1423 |  10.1 |      30 |       7 |  18.9
     Lair:6 |   14455 |   10915 |  43.0 |      30 |      36 |  54.5
    Swamp:1 |    8114 |    1600 |  16.5 |      14 |       1 |   6.7
    Swamp:2 |   13832 |       0 |   0.0 |      28 |       0 |   0.0
    Swamp:3 |   17214 |    1181 |   6.4 |      31 |       1 |   3.1
    Swamp:4 |    1056 |       0 |   0.0 |       2 |       0 |   0.0
      Orc:1 |    9650 |     154 |   1.6 |      75 |       8 |   9.6
      Orc:2 |    4947 |   15573 |  75.9 |      43 |      38 |  46.9
      Sewer |       0 |     223 | 100.0 |       0 |      27 | 100.0
    Volcano |       0 |    6795 | 100.0 |       0 |      21 | 100.0
            +---------+---------+-------+---------+---------+-------
